 Dungeon Crawl Stone Soup version 0.30-a0-55-g90e3122c3a (webtiles) character file.

Game seed: 6297741868044758120

233 Decritt the Covered (level 6, -11/40 HPs)
             Began as a Gargoyle Fighter on Sept 9, 2022.
             Killed by divine providence
             ... invoked by an orc priest
              (14 damage)
             ... on level 3 of the Dungeon.
             The game lasted 00:07:04 (3360 turns).

Decritt the Covered (Gargoyle Fighter)              Turns: 3360, Time: 00:07:05

Health: -11/40     AC: 16    Str: 21    XL:     6   Next: 5%
Magic:  0/6        EV: 11    Int: 15    God:
Gold:   115        SH:  4    Dex:  9    Spells: 5/5 levels left

rFire   . . .      SeeInvis .    f - +2 dagger (flame)
rCold   . . .      Faith    .    c - +0 buckler
rNeg    + . .      Spirit   +    i - +0 chain mail
rPois   ∞          Reflect  .    (no helmet)
rElec   +          Harm     .    (no cloak)
rCorr   .          Rampage  .    (no gloves)
Will    .....                    s - +1 pair of boots
Stlth   ..........               g - amulet of guardian spirit
HPRegen 0.13/turn                j - +4 ring of evasion
MPRegen 0.10/turn                m - +6 ring of intelligence

@: no status effects
A: sickness immunity, AC +4, negative energy resistance 1, electricity
resistance, torment resistance 1, petrification resistance
a: no special abilities


You were on level 3 of the Dungeon.
You visited 1 branch of the dungeon, and saw 3 of its levels.
You also visited: Sewer.

You collected 115 gold pieces.

Inventory:

Hand Weapons
 a - a +0 flail
 f - a +2 dagger of flaming (weapon)
 o - a +2 dagger of speed
Armour
 b - a +0 scale mail
 c - a +0 buckler (worn)
 i - a +0 chain mail (worn)
 s - a +1 pair of boots (worn)
Jewellery
 g - an amulet of guardian spirit (around neck)
 j - a +4 ring of evasion (left hand)
 m - a +6 ring of intelligence (right hand)
 t - an amulet of magic regeneration
Scrolls
 e - 3 scrolls of teleportation
 l - 6 scrolls of identify {unknown}
 n - a scroll of blinking {unknown}
 q - a scroll of poison
 v - a scroll of immolation {unknown}
 w - a scroll of summoning {unknown}
 x - a scroll of enchant armour {unknown}
Potions
 d - a potion of might
 h - 4 potions of haste {unknown}
 k - 2 potions of lignification {unknown}
 p - 2 potions of invisibility {unknown}
 r - a potion of degeneration {unknown}
 u - a potion of mutation {unknown}
 z - a potion of brilliance {unknown}
 A - a potion of cancellation {unknown}
 B - 2 potions of magic {unknown}


   Skills:
 * Level 5.1 Fighting
 - Level 2.0 Maces & Flails
 * Level 5.2 Armour
 + Level 4.3 Shields


You had 5 spell levels left.
You didn't know any spells.
Your spell library contained the following spells:

 Spells                   Type           Power      Damage    Failure   Level
 Sting                    Tmut/Pois      0%         1d3       96%         1
 Poisonous Vapours        Pois/Air       0%         N/A       99%         2
 Olgreb's Toxic Radiance  Pois           0%         N/A       100%        4


Dungeon Overview and Level Annotations

Branches:
Dungeon (3/15)              Sewer (visited)

Altars:


Innate Abilities, Weirdness & Mutations

You are immune to sickness and miasma.
Your stone body is resilient. (AC +4)
You are immune to poison.
You resist negative energy. (rN+)
You are resistant to electric shocks. (rElec)
You are resistant to unholy torment.
You are immune to petrification.


Message History

The orc priest is severely wounded.
The orc barely misses you. The orc closely misses you.
The orc priest hits you but does no damage.
You hit the orc priest. You burn the orc priest.
The orc priest is almost dead.
The orc hits you but does no damage. You block the orc's attack.
The orc priest hits you but does no damage.
Unknown command.
You barely miss the orc priest.
The orc priest is almost dead.
The orc hits you but does no damage.
The orc priest hits you with a +0 dagger.
* * * LOW HITPOINT WARNING * * *
The orc barely misses you.
You hit the orc priest but do no damage.
The orc priest is almost dead.
The orc hits you with a +0 short sword. The orc barely misses you.
The orc priest invokes the aid of Beogh against you.
Pain shoots through your body!
* * * LOW HITPOINT WARNING * * *
You hit the orc priest but do no damage.
The orc priest is almost dead.
The orc hits you but does no damage.
The orc priest calls down the wrath of Beogh upon you.
Pain shoots through your body!
* * * LOW HITPOINT WARNING * * *
The orc hits you but does no damage.
You hit the orc priest but do no damage.
The orc priest is almost dead.
The orc hits you with a +0 whip.
* * * LOW HITPOINT WARNING * * *
The orc hits you but does no damage.
The orc priest hits you with a +0 dagger.
* * * LOW HITPOINT WARNING * * *
You hit the orc priest but do no damage.
The orc priest is almost dead.
The orc misses you.
The orc priest invokes the aid of Beogh against you.
Beogh smites you!
You die...

* #~#~#.#~#~# #.# *,*,,, *
#~#÷###~#~# #.########,*,,, *
#~#~~÷~##~# #........#,*,*, *
#~#######~# #........#,*,*, *
##[~~.~~.######........#,*,*,
*****#########...##........+,*,*,
,,,,,,,,,* #....##........#**,,,
,****,,,,####..o)#.†..)###.#**,,,
,,,,,,,,,.....ho@............,>,,
,,,,*,,,....!..o.......###....^,,
,**,,,,,..########.....# **....,,
,****,,,.,****** #...÷.# *....**
** *,,,,,,,,,,* ##!...# *,,,,,,
*,*,,,,,,,,* ###.##***,,,,**
*,**,,,,,,,* #...,,,,,,,,,
**,,,,,,,,,,* #...,,,,,,,,,
*,,,***,,*,** #...,,,,,,,**


You could see a hound, an orc priest and 2 orcs.

Vanquished Creatures
  An orc wizard (D:3)
  8 adders
  6 river rats
  A worm (D:2)
  3 dart slugs
  4 orcs (D:3)
  2 bats
  4 endoplasms
  3 giant cockroaches
  3 goblins
  A hobgoblin (D:1)
  2 jackals (Sewer)
  8 kobolds
  3 quokkas
  9 ball pythons
  15 frilled lizards
  8 rats
81 creatures vanquished.

Vanquished Creatures (others)
  10 plants
10 creatures vanquished.

Grand Total: 91 creatures vanquished

Notes
Turn   | Place    | Note
-------+----------+-------------------------------------------
     0 | D:1      | Decritt the Gargoyle Fighter began the quest for the Orb.
     0 | D:1      | Reached XP level 1. HP: 14/14 MP: 1/1
   502 | D:1      | Reached XP level 2. HP: 18/19 MP: 0/2
   690 | D:1      | Found a faded altar of an unknown god.
   751 | D:1      | Reached XP level 3. HP: 23/24 MP: 3/3
  1401 | D:2      | Identified the +2 robe of Gehenna {rC+ Stlth+}
  1594 | D:2      | Reached XP level 4. HP: 25/29 MP: 2/4
  2191 | D:3      | Reached XP level 5. HP: 25/34 MP: 5/5
  2231 | D:3      | Found a glowing drain.
  2235 | Sewer    | Entered a sewer
  2767 | Sewer    | Reached skill level 5 in Fighting
  2767 | Sewer    | Reached skill level 5 in Armour
  3321 | D:3      | Reached XP level 6. HP: 40/40 MP: 6/6
  3359 | D:3      | HP: 2/40 [orc priest/+0 dagger (2)]
  3360 | D:3      | Killed from afar by an orc priest

Illustrated notes

Levels and vault maps discovered:
D:1:      beargit_arrival_diablo_church, layout_basic, basic_ecumenical_altar
D:2:      layout_rooms, minmay_lizard_king
D:3:      layout_basic, gup_sewer_entry_spiral, grunt_ministairs_12

Skill      XL: |  1  2  3  4  5 |
---------------+----------------+-----
Fighting       | 4 5 |  5.1
Armour         | 4 5 |  5.2
Shields        | 4 |  4.3
Maces & Flails | |  2.0

Action                   |  1- 3 |  4- 6 || total
-------------------------+-------+-------++-------
Melee: Flail             |    29 |       ||    29
       Dagger            |   116 |   402 ||   518
  Use: Scroll            |       |     3 ||     3
Armor: Scale mail        |    16 |       ||    16
       Chain mail        |    36 |   193 ||   229
Dodge: Dodged            |    57 |   204 ||   261
Block: Buckler           |    27 |    91 ||   118

Table legend: (Time is in decaauts)
 A = Elapsed time spent in this place.
 B = Non-inter-level travel time spent in this place.
 C = Inter-level travel time spent in this place.
 D = Time resting spent in this place.
 E = Time spent auto-exploring this place.
 F = Levels seen in this place.
 G = Mean time per level.
                   A        B        C        D        E       F      G
               +--------+--------+--------+--------+--------+-----+--------+
         Total |   3518 |   3474 |     44 |    477 |   2031 |   4 |  879.5 |
       Dungeon |   2336 |   2292 |     44 |    477 |   1193 |   3 |  778.7 |
         Sewer |   1182 |   1182 |      0 |      0 |    838 |   1 | 1182.0 |
               +--------+--------+--------+--------+--------+-----+--------+

Top non-repeatable levels by time:
   Sewer: 1182 daAuts
     D:1: 1170 daAuts
     D:3: 587 daAuts
     D:2: 578 daAuts
